[Event "Grand Prix Romania 1st Stage 2024"]
[Site "Bucuresti"]
[Date "2024.03.23"]
[Round "2.10"]
[White "Cebotari, Stanislav"]
[Black "Brunello, Sabino"]
[Result "0-1"]
[ECO "A07"]
[WhiteElo "2075"]
[BlackElo "2515"]
[Annotator "TA"]
[PlyCount "96"]
[EventDate "2024.03.20"]
[EventType "swiss"]
[EventCountry "ROU"]
[SourceTitle "playchess.com"]
[Source "ChessBase"]
[SourceQuality "1"]
[TimeControl "900+5"]

1. Nf3 Nf6 2. g3 d5 3. Bg2 g6 4. O-O Bg7 5. d3 a5 (5... O-O $11) 6. Nbd2 a4 7. c3 c5 8. e4 {[%emt 0:00:00] The position is equal.} O-O 9. Re1 d4 (9... Nc6 $11) 10. c4 (10. cxd4 $14 cxd4 11. e5) 10... Nc6 11. h3 (11. e5 $11 {keeps the balance.} Ne8 12. b3) 11... e5 $17 12. Nf1 h6 13. N3h2 Be6 14. f4 Qd7 15. g4 $1 exf4 {[%emt 0:00:05] ...g5 would now be deadly. Black is much more active. The white rooks are passive.} 16. Bxf4 a3 (16... b5 $5 17. b3 bxc4 18. bxc4 Kh7 $14) 17. b3 g5 18. Bg3 Nh7 $36 {[%emt 0:00:33][%mdl 2048] Black has good play.} (18... h5 $5 19. e5 Nh7 $17) 19. Nf3 Rfe8 (19... h5 $17 20. gxh5 Bxh3) 20. Bh2 (20. Re2 $11 {remains equal.}) 20... h5 $1 21. Qd2 (21. gxh5 $17 {was the only defense.} Bxh3 22. Qd2) 21... hxg4 $19 22. hxg4 f6 (22... Bxg4 $19 23. Ng3 Re6) 23. e5 (23. Ng3 $142) 23... Bxg4 $17 24. exf6 Bxf6 25. Ng3 {[%emt 0:00:00] [#]} (25. Rxe8+ {was called for.} Rxe8 26. Re1) 25... Re3 $1 $19 {[%emt 0:00:49][%mdl 512] White is weak on the dark squares} 26. Rf1 {[%emt 0:00:00] [#]} Rf8 $1 {[%emt 0:03:35] White must now prevent ...Bd8.} 27. Rf2 Bh3 {[%emt 0:01:33] Hoping for ...Bxg2.} 28. Raf1 Bxg2 29. Rxg2 Bg7 30. Ne1 Rxf1+ 31. Nxf1 Re7 32. Ng3 Nf6 {[%emt 0:00:30] Prevents Ne4.} ({Better is} 32... Qe6 $19 33. Ne4 Nf6 34. Rxg5 Nxe4 35. dxe4 Qxe4) 33. Nf3 $17 g4 34. Nh4 Ne5 {[%emt 0:00:07] ...Nf3+ is the strong threat.} 35. Ngf5 $2 {[%emt 0:00:30][%mdl 8192] Now White is beyond hope.} (35. Rf2 $17 {is tougher.}) 35... Nf3+ $19 36. Nxf3 Qxf5 37. Nh4 (37. Ne5 $142 Rxe5 38. Rf2) 37... Qh7 {[%emt 0:00:12][%cal Og7h6] Threatens to win with ...Bh6!} 38. Qf2 Qxd3 39. Bd6 Ne4 (39... Qb1+ $142 40. Kh2 Re1) 40. Bxe7 Nxf2 41. Rxf2 g3 42. Rf3 {[%emt 0:00:01] Against Qe3+} Qd1+ 43. Kg2 Qe2+ 44. Kxg3 Qxe7 45. Nf5 Qe5+ {[%emt 0:00:07] Black mates.} 46. Kg2 Qe2+ 47. Rf2 Qe4+ 48. Kf1 d3 {[%emt 0:00:19] Weighted Error Value: White=0.83/Black=0.35.  Loses game:     	White=1     	---        Mistake:       	White=7     	Black=4      Inaccurate:     	White=3     	Black=4      OK:         	White=10    	Black=9      Best:        	White=1     	Black=5      Strong:       	White=1     	Black=2      Brilliant:      	---       	Black=1} 0-1

[Event "Grand Prix Romania 1st Stage 2024"]
[Site "Bucuresti"]
[Date "2024.03.23"]
[Round "2.11"]
[White "Sargsyan, Shant"]
[Black "Sofronie, Vladimir"]
[Result "1-0"]
[ECO "B31"]
[WhiteElo "2637"]
[BlackElo "1990"]
[Annotator "TA"]
[PlyCount "87"]
[EventDate "2024.03.20"]
[EventType "swiss"]
[EventCountry "ROU"]
[SourceTitle "playchess.com"]
[Source "ChessBase"]
[SourceQuality "1"]
[TimeControl "900+5"]

1. e4 c5 2. Nf3 Nc6 3. Bb5 g6 4. O-O Bg7 5. Re1 e5 6. Bxc6 dxc6 7. d3 Ne7 8. a4 O-O 9. a5 Rb8 10. Nbd2 {[%emt 0:00:24] White is slightly better.} h6 11. b3 Be6 12. Bb2 f6 13. Nc4 Qc7 14. Nfd2 g5 (14... b5 $11 {remains equal.}) 15. Ne3 $16 Ng6 16. Ndf1 Nf4 17. Ng3 Bf7 18. Ngf5 h5 19. g3 Ne6 20. h4 Bg6 21. Kg2 Rbd8 ({Better is} 21... g4) 22. Rh1 g4 23. f3 gxf3+ 24. Qxf3 Kh7 25. Bc3 Rg8 26. Raf1 Bh8 (26... Nd4 $142 27. Qf2 b5) 27. Kh2 Qf7 28. Rhg1 Rdf8 (28... Nd4 $142 29. Qf2 b5) 29. Nc4 $18 {[%emt 0:00:21] A dynamic duo of knights.} Bg7 (29... Qc7 {might work better.} 30. b4 cxb4) 30. Bd2 Nd4 31. Nxd4 cxd4 32. Nd6 ({White should try} 32. g4 $18 Qe6 33. gxh5) 32... Qd7 33. Nf5 Qf7 34. Bb4 $36 {[%emt 0:00:24][%mdl 2048] [#] aiming for g4. White is in control. White has more active pieces.} Rd8 (34... c5 $16 {was called for.}) 35. Ne7 {[%emt 0:00:30][%cal Og3g4] And now g4! would win.} Rge8 36. Nxg6 Qxg6 37. g4 hxg4 (37... Bh6 38. g5 (38. gxh5 Bf4+ 39. Kh3 Qf7 $18) 38... fxg5) 38. Rxg4 Qh6 39. Qf5+ Kh8 40. Rfg1 Rg8 41. Kh3 Qh7 42. Rg6 {[%emt 0:00:02] [#] Strongly threatening Be7.} b6 43. Be7 Rde8 44. Bxf6 {[%emt 0:00:03] Weighted Error Value: White=0.17 (very precise) /Black=0.49.  Mistake:       	White=1     	Black=7      Inaccurate:     	White=2     	Black=1      OK:         	White=16    	Black=11     Best:        	---       	Black=2} 1-0

[Event "Grand Prix Romania 1st Stage 2024"]
[Site "Bucuresti"]
[Date "2024.03.23"]
[Round "2.12"]
[White "Ciolacu, Alessia-Mihaela"]
[Black "Chigaev, Maksim"]
[Result "0-1"]
[ECO "E73"]
[WhiteElo "2175"]
[BlackElo "2617"]
[Annotator "TA"]
[PlyCount "98"]
[EventDate "2024.03.20"]
[EventType "swiss"]
[EventCountry "ROU"]
[SourceTitle "playchess.com"]
[Source "ChessBase"]
[SourceQuality "1"]
[TimeControl "900+5"]

1. d4 Nf6 2. c4 g6 3. Nc3 Bg7 4. e4 d6 5. Be2 O-O 6. Be3 a5 7. g4 (7. Nf3 $14 {should be considered.}) 7... c5 {[%emt 0:00:42][%cal Of6g4] ...Nxg4! would now be deadly.} 8. g5 {[%emt 0:00:57] [#]} (8. d5 $11) 8... Ng4 $1 $15 {[%emt 0:00:09] Black is slightly better.} 9. Bxg4 Bxg4 ({Black should play} 9... cxd4 $17 10. Bxd4 (10. Bxc8 $2 dxe3 11. Rc1 exf2+ 12. Kxf2 Qxc8 $19) 10... Bxd4 11. Qxd4 Bxg4) 10. Qxg4 $11 {[%emt 0:00:14] And now Nge2 would win.} cxd4 (10... Bxd4 $2 11. Nf3 $18) 11. Bd2 (11. Bxd4 $11 {and White has nothing to worry.} Bxd4 12. Nge2) 11... dxc3 $19 12. Bxc3 Bxc3+ 13. bxc3 Qc8 14. Qe2 Nc6 15. Nf3 Qh3 {[%emt 0:00:02] White must now prevent ...Ne5.} 16. Rb1 Ne5 17. Nxe5 Qxc3+ 18. Kf1 {[%emt 0:00:33] [#]} Qxe5 (18... Qh3+ $1 $19 19. Kg1 dxe5) 19. h4 Rac8 20. Rxb7 Qe6 21. h5 $2 (21. Kg2 $17) 21... Rxc4 22. Rh4 d5 $40 {[%emt 0:00:32][%mdl 128] Black wants a kill.} 23. Rb3 Rxe4 (23... Qe5 $19 24. Rb5 Qxg5 25. Qxc4 Qxh4 26. Qxd5 Qh1+ 27. Ke2 Rc8) 24. Rxe4 $17 dxe4 $19 {[%emt 0:00:03][%mdl 4096] Endgame. KQR-KQR} 25. Kg2 (25. h6 $17) 25... Qf5 26. Rb5 (26. Qb5 {was called for.}) 26... e5 27. hxg6 Qxg5+ (27... hxg6 28. Qe3) 28. Kf1 hxg6 {[%emt 0:00:04] Hoping for ...Rc8.} (28... fxg6 29. Qc4+ Rf7 30. Rb7 $11) 29. Qxe4 Rd8 30. Rxe5 $2 (30. Rd5 {was necessary.}) 30... Rd1+ 31. Ke2 Qd2+ 32. Kf3 {[%emt 0:00:02] Strongly threatening Re8+.} Qd3+ (32... Qxa2 $2 {loses.} 33. Re8+ Kg7 34. Qe5+ f6 35. Qc7+ (35. Re7+ Qf7 $18) 35... Qf7 36. Re7 $18) 33. Qxd3 Rxd3+ {[%emt 0:00:03] KR-KR} 34. Kf4 Ra3 35. Re2 Kg7 36. Ke5 (36. Rc2 {was worth a try.}) 36... f6+ 37. Ke6 Rf3 38. Rb2 a4 39. Rb7+ (39. Kd5 $142 g5 40. Kc5) 39... Kh6 40. Rb4 a3 41. Ra4 Kh5 {[%emt 0:00:37][%cal Of6f5] Threatens to win with ...f5!} 42. Kf7 g5 43. Kg7 g4 44. Ra5+ Kh4 45. Kg6 Rxf2 {[%emt 0:00:05] ( -> ...g3)} 46. Rxa3 g3 {[%emt 0:00:03] Black mates.} 47. Ra4+ Kh3 48. Kh5 g2 49. Rh4+ Kg3 {[%emt 0:00:03] Weighted Error Value: White=0.94/Black=0.28 (precise) .  Loses game:     	White=2     	---        Mistake:       	White=7     	Black=3      Inaccurate:     	White=2     	Black=2      OK:         	White=5     	Black=12     Best:        	White=4     	Black=6      Brilliant:      	---       	Black=1} 0-1

[Event "Grand Prix Romania 1st Stage 2024"]
[Site "Bucuresti"]
[Date "2024.03.23"]
[Round "2.13"]
[White "Fridman, Daniel"]
[Black "Kondort, Mihai"]
[Result "1-0"]
[ECO "D34"]
[WhiteElo "2590"]
[BlackElo "2023"]
[Annotator "TA"]
[PlyCount "83"]
[EventDate "2024.03.20"]
[EventType "swiss"]
[EventCountry "ROU"]
[SourceTitle "playchess.com"]
[Source "ChessBase"]
[SourceQuality "1"]
[TimeControl "900+5"]

1. Nf3 Nf6 2. c4 e6 3. g3 c5 4. Bg2 Nc6 5. O-O Be7 6. d4 d5 7. cxd5 exd5 8. Nc3 h6 9. b3 O-O 10. Bb2 Be6 11. Rc1 cxd4 12. Nxd4 Qd7 13. Nxe6 fxe6 14. Bh3 Bb4 {[%emt 0:00:52] White is slightly better.} 15. e3 Bxc3 16. Bxc3 Qe7 17. Bg2 Rad8 18. Qc2 Rc8 19. Qe2 e5 20. Rfd1 Rfd8 21. Bb2 e4 22. Bh3 {[%emt 0:00:07][%cal Ob2f6,Bg2h3,Bh3e6,Be6d5,Bd5e4][%mdl 32] Bxf6! is the strong threat.} Rc7 23. Qc2 Ne8 24. Qc5 Qxc5 (24... Qf7 $14) 25. Rxc5 $16 Nb4 26. Be6+ Kh8 27. Rb5 {[%emt 0:00:54] White is more active.} Nd3 28. Bd4 (28. Rxd5 $2 Rxd5 29. Bxd5 Nxb2 $19) 28... Rd6 29. Bxd5 a6 {[%emt 0:00:03] [#]} 30. Bxe4 $1 {[%emt 0:00:27] Strongly threatening Rf5. A strong pair of Bishops.} (30. Rxb7 Rxd5 31. Rb8 Re7 $17) 30... Nxf2 $2 (30... axb5 $16 31. Bxd3 (31. Rxd3 b4 $16) 31... Rd5) 31. Rf5 $2 ({Inferior is} 31. Kxf2 axb5 32. Bd3 Rd5 $11) (31. Re5 $18 Nf6 32. Kxf2 Ng4+ 33. Ke2 Nxe5 34. Bxe5 Rxd1 35. Bxc7 (35. Kxd1 Re7 $11)) 31... Nxe4 $14 32. Rf8+ Kh7 33. Rxe8 Nf6 34. Rb8 Rdd7 35. Rf1 Ne4 36. Rbf8 Ng5 37. Re8 Rc2 38. Kh1 Rxa2 {[%emt 0:00:30] Hoping for ...Rc7.} 39. h4 Rf7 $2 {[%emt 0:00:11] [#]} (39... Nf7 $11 {and Black is okay.}) 40. Rxf7 $1 $18 Nxf7 41. Re7 Rf2 (41... Kg8 42. Rxb7 a5) 42. Kg1 {[%emt 0:00:05] Weighted Error Value: White=0.27 (precise) /Black=0.45.  Loses game:     	---       	Black=2      Missed win:     	White=1     	---        Mistake:       	---       	Black=2      Inaccurate:     	White=2     	Black=3      OK:         	White=7     	Black=5      Best:        	White=2     	Black=4      Strong:       	White=2     	---} 1-0

[Event "Grand Prix Romania 1st Stage 2024"]
[Site "Bucuresti"]
[Date "2024.03.23"]
[Round "2.14"]
[White "Iustin, Silviu"]
[Black "Bernadskiy, Vitaliy"]
[Result "0-1"]
[ECO "B23"]
[WhiteElo "2028"]
[BlackElo "2573"]
[Annotator "RC"]
[PlyCount "50"]
[EventDate "2024.03.20"]
[EventType "swiss"]
[EventCountry "ROU"]
[SourceTitle "playchess.com"]
[Source "ChessBase"]
[SourceQuality "1"]
[TimeControl "900+5"]

1. e4 c5 2. Nc3 e6 3. f4 Nf6 4. e5 Nd5 5. Nxd5 exd5 6. d4 d6 7. Nf3 Nc6 8. c3 cxd4 9. cxd4 dxe5 10. fxe5 Bg4 11. Be3 Qb6 12. Be2 Bb4+ 13. Kf2 O-O 14. h3 Bf5 15. Bd3 Be4 16. Qc2 Bxf3 17. gxf3 Nxd4 18. Bxh7+ Kh8 19. Qd3 Bc5 20. b4 Qxb4 21. Rab1 Qa4 22. Rb2 Ne6 23. Bf5 Qh4+ 24. Ke2 Bxe3 25. Qxe3 Nd4+ 0-1

[Event "Grand Prix Romania 1st Stage 2024"]
[Site "Bucuresti"]
[Date "2024.03.23"]
[Round "2.15"]
[White "Bologan, Victor"]
[Black "Caraba, Alexandru"]
[Result "1-0"]
[ECO "B55"]
[WhiteElo "2594"]
[BlackElo "1944"]
[Annotator "TA"]
[PlyCount "89"]
[EventDate "2024.03.20"]
[EventType "swiss"]
[EventCountry "ROU"]
[SourceTitle "playchess.com"]
[Source "ChessBase"]
[SourceQuality "1"]
[TimeControl "900+5"]

1. e4 c5 2. Nf3 d6 3. d4 cxd4 4. Nxd4 Nf6 5. Bd3 g6 6. c4 Bg7 7. Nc3 Nbd7 (7... Nc6 $11 8. Nde2 O-O) 8. O-O {[%emt 0:00:13] White is slightly better.} O-O 9. Be3 Nc5 10. f3 {[%emt 0:00:12] Against Ng4} Ne6 11. Nde2 {[%emt 0:00:40] White is more active.} Nc7 12. Qd2 b6 13. Rfd1 Bb7 14. Rac1 Qd7 15. b4 Rad8 16. Bc2 Qc8 17. Bb3 Qa8 18. Nd4 a6 19. Nde2 Nd7 20. a3 Rfe8 (20... b5 $142) 21. Qa2 {[%emt 0:00:13][%cal Oc4c5] Strongly threatening c5!} Rf8 22. Rd2 ({White should try} 22. Bg5) 22... b5 23. a4 (23. cxb5 $16 {Threatens to win with b6.} axb5 24. Nd4) 23... bxc4 $14 24. Bxc4 Ne5 25. Bb3 Rc8 26. h3 {[%emt 0:01:22] White stays focused until the end.} Nc6 27. Qa3 a5 (27... Rfd8 $14) 28. b5 $16 Nb4 (28... Ne5 $142 29. Rdd1 Qb8) 29. Na2 $18 d5 $2 {[%emt 0:00:27] [#]} (29... Nxa2 30. Qxa2 (30. Bxa2 Qb8 $18) 30... Ne8 31. Rxc8 Qxc8) 30. Nxb4 axb4 31. Qxb4 dxe4 32. f4 (32. Qxe7 Bd5 $18) 32... Nd5 33. Bxd5 (33. Qxe4 e6 $11) 33... Bxd5 34. Rdc2 Rfd8 (34... Rxc2 $142 35. Rxc2 Rd8) 35. a5 (35. Qxe7 Rxc2 36. Rxc2 Bb3) (35. Rxc8 Rxc8 36. a5 (36. Qxe7 Rxc1+ 37. Nxc1 Qf8 $18) 36... Rxc1+ 37. Nxc1 Bf8) 35... Bf8 36. Rxc8 Rxc8 {[%emt 0:00:01] Black is weak on the dark squares} 37. Rxc8 Qxc8 38. Bc5 Bc4 $2 {[%emt 0:00:13] [#]} (38... e3 39. a6 (39. Bxe3 Qa8 $16) 39... Qf5) 39. Nc3 Bd3 40. a6 (40. Bxe7 $2 {too greedy.} Bxe7 41. Qxe7 Qxc3 $19) 40... Qc7 41. a7 ({Worse is} 41. Nxe4 Bxe4 42. b6 Qxf4 $11) 41... Qxf4 42. a8=Q {[%emt 0:00:18] White mates.} ({Weaker is} 42. a8=B e6 $11) 42... Qc1+ 43. Kh2 Qf4+ 44. Kh1 Qf1+ 45. Bg1 {[%emt 0:00:02] Weighted Error Value: White=0.19 (very precise) /Black=0.48.  Mistake:       	White=2     	Black=7      Inaccurate:     	White=2     	Black=1      OK:         	White=9     	Black=9      Best:        	White=2     	Black=1} 1-0

[Event "Grand Prix Romania 1st Stage 2024"]
[Site "Bucuresti"]
[Date "2024.03.23"]
[Round "2.16"]
[White "Pirvulescu, Ekaterina"]
[Black "Kozak, Adam"]
[Result "0-1"]
[ECO "C70"]
[WhiteElo "2091"]
[BlackElo "2607"]
[Annotator "TA"]
[PlyCount "82"]
[EventDate "2024.03.20"]
[EventType "swiss"]
[EventCountry "ROU"]
[SourceTitle "playchess.com"]
[Source "ChessBase"]
[SourceQuality "1"]
[TimeControl "900+5"]

1. e4 e5 2. Nf3 Nc6 3. Bb5 a6 4. Ba4 Nge7 5. Nc3 Ng6 6. h4 Bc5 7. d3 (7. h5 $16 Nf4 8. h6) 7... h6 8. h5 {[%emt 0:01:21] Weiß hat minimalen Vorteil.} Nge7 9. Qe2 (9. Bxc6 $11 Nxc6 10. Nxe5) 9... Bb4 10. Bd2 d6 (10... b5 $5 11. Bb3 $8 d6 $11) 11. Nd5 Bxd2+ 12. Qxd2 O-O 13. Bb3 Nxd5 (13... a5 {scheint wilder zu sein.} 14. Nf6+ Kh8 15. a3 b5) 14. Bxd5 Ne7 15. Bb3 c5 (15... a5 $11) 16. O-O-O (16. g4 $1 $14) 16... Kh8 (16... Bg4 $11) 17. Rdg1 $14 {[%emt 0:01:16] Und g4 würde nun gewinnen.} Bg4 18. Ne1 (18. Nh4 $14) 18... Qd7 19. f3 Be6 20. g4 (20. Bxe6 $11 Qxe6 21. Kb1) 20... Bxb3 $17 21. cxb3 f6 $1 22. Nc2 a5 23. Ne3 a4 24. b4 Nc6 25. Nd5 (25. bxc5 $142 a3 (25... dxc5 26. Rd1 $17) 26. cxd6) 25... Qf7 ({Vorzuziehen ist} 25... cxb4 $17 {Und jetzt ...b3 wäre schön.} 26. Kb1 (26. Nb6 Qe6 $17) 26... b3) 26. Kb1 $15 cxb4 27. Nxb4 {[%emt 0:00:11] Schwarz führt seinen Vorteil zum Gewinn.} (27. Rc1 $15) 27... Nd4 $1 $17 28. Rf1 a3 29. b3 Rfc8 {[%emt 0:00:18] Schwarz hat aktiveres Spiel.} 30. f4 {[%emt 0:00:34] [#]} (30. Nd5 $17 {war einen Versuch wert.}) 30... exf4 $1 $19 31. Rxf4 Qe6 32. Rff1 (32. Qe3 {ist eine bessere Verteidigung.} Nxb3 33. Rf2) 32... Qxg4 (32... Ra5 $142 {[%cal Oa5b5] Droht stark ...Rb5!} 33. Rc1 Rxc1+ (33... Qxg4 34. Nc2 $17) 34. Qxc1 Qxg4) 33. Rfg1 Qe2 34. Qxe2 Nxe2 35. Re1 Nc3+ 36. Ka1 Rc5 37. Rc1 Rac8 38. d4 {[%emt 0:00:06] [#]} (38. Rc2 $142) 38... R5c7 $1 39. Rce1 Nb5 40. Nd5 Rc2 (40... Nxd4 $2 41. Nxc7 Nc2+ (41... Rxc7 42. Rc1 $14) 42. Kb1 Nxe1 (42... Rxc7 $2 {zu gefräßig.} 43. Rc1 $18) 43. Nb5 $19) 41. Ne7 {[%emt 0:00:05] [#]} (41. Nb4 $19 Rg2 42. Rc1 Rxc1+ 43. Rxc1) 41... Nc3 $1 {[%emt 0:00:19] Gewichteter Fehlerwert: Weiß=0.56/Schwarz=0.21 (präzise) .  Fehler:       	Weiß=11    	Schwarz=4     Ungenau:       	Weiß=2     	Schwarz=2     OK:         	Weiß=9     	Schwarz=15    Bester:       	Weiß=2     	Schwarz=2     Stark:        	---       	Schwarz=4} 0-1

[Event "Grand Prix Romania 1st Stage 2024"]
[Site "Bucuresti"]
[Date "2024.03.23"]
[Round "2.17"]
[White "Gavrilescu, David"]
[Black "Sabarez, Iulian"]
[Result "1-0"]
[ECO "C30"]
[WhiteElo "2524"]
[BlackElo "1945"]
[Annotator "TA"]
[PlyCount "49"]
[EventDate "2024.03.20"]
[EventType "swiss"]
[EventCountry "ROU"]
[SourceTitle "playchess.com"]
[Source "ChessBase"]
[SourceQuality "1"]
[TimeControl "900+5"]

1. e4 e5 2. Bc4 Nf6 3. Nc3 Bc5 4. d3 Nc6 5. f4 d6 6. Nf3 Bg4 7. Na4 Bxf3 8. Qxf3 Nd4 9. Qd1 {[%emt 0:00:02] Threatens to win with fxe5.} b5 10. Nxc5 ({White should play} 10. Bxf7+ $1 $14 Kxf7 11. Nxc5 exf4 (11... dxc5 12. fxe5 Nd7 13. c3 $16) 12. Nb3) 10... bxc4 $11 11. fxe5 {[%emt 0:00:10] [#] Nb7 is the strong threat. The position is equal.} dxe5 (11... dxc5 $11 {keeps the balance.} 12. exf6 Qxf6) 12. c3 $16 (12. dxc4 Qd6 13. b4 a5 $11) 12... Ne6 {[%emt 0:02:43] A mistake that costs the game.} (12... O-O $16 {was necessary.}) 13. Qa4+ $18 Nd7 14. Nxe6 fxe6 15. Qxc4 (15. dxc4 $2 Qh4+ 16. Kd1 O-O $19 (16... Qxe4 17. Qc2 $15) (16... Qg4+ $2 17. Kc2 $19)) 15... Qh4+ 16. g3 Qf6 (16... Qe7 $142 17. Rf1 (17. Qxc7 O-O $16) 17... Qd6) 17. Rf1 (17. Qxc7 $2 {perishes.} O-O 18. Kd1 (18. Qxd7 $2 Qf3 $19) 18... Qf3+ 19. Kc2 Qxh1 $19) 17... Qg6 (17... Qe7 $142 18. Qxc7 Rf8 19. Rxf8+ Kxf8) 18. Qxc7 Ke7 (18... Rd8 $142 19. Be3 (19. Qxa7 Nf6 $18) 19... Qg4) 19. b3 Rhc8 20. Ba3+ Ke8 21. Qd6 (21. Rf8+ $142 Nxf8 22. Qe7#) 21... Qg5 22. Rf3 {[%emt 0:00:37] [#] Intending h4 and mate.} a5 23. h4 {[%emt 0:00:06] White mates.} Qd8 24. Qxe6+ Qe7 25. Rf8+ {[%emt 0:00:05] Weighted Error Value: White=0.28 (precise) /Black=1.27.  Mistake:       	White=1     	Black=5      Inaccurate:     	---       	Black=1      OK:         	White=4     	Black=1      Best:        	White=2     	Black=1} 1-0

[Event "Grand Prix Romania 1st Stage 2024"]
[Site "Bucuresti"]
[Date "2024.03.23"]
[Round "2.18"]
[White "Nuta, Dan"]
[Black "Lupulescu, Constantin"]
[Result "0-1"]
[ECO "B25"]
[WhiteElo "2056"]
[BlackElo "2579"]
[Annotator "TA"]
[PlyCount "60"]
[EventDate "2024.03.20"]
[EventType "swiss"]
[EventCountry "ROU"]
[SourceTitle "playchess.com"]
[Source "ChessBase"]
[SourceQuality "1"]
[TimeControl "900+5"]

1. e4 c5 2. Nc3 Nc6 3. g3 g6 4. Bg2 Bg7 5. d3 d6 6. f4 Nf6 7. Nf3 O-O 8. O-O Rb8 9. h3 b5 10. a3 a5 11. g4 b4 12. axb4 axb4 13. Ne2 Nd7 14. Qe1 Qb6 15. Qf2 Ba6 {[%emt 0:00:29] Die Stellung ist ausgeglichen.} 16. Rb1 b3 17. c4 Nb4 18. Rd1 Bb7 $36 {[%emt 0:00:48][%mdl 2048] Schwarz steht aktiver.} 19. f5 {[%emt 0:00:32] [#]} Nxd3 $1 20. Rxd3 {[%emt 0:00:36] Und Nd2 würde nun gewinnen.} Bxe4 21. Ne1 Bxd3 $17 (21... gxf5 $6 22. Bxe4 (22. gxf5 Bxd3 23. Nxd3 Qa6 $15) 22... fxe4 23. Rd1 $14) 22. Nxd3 Qa6 $1 {[%emt 0:00:13] Lässt Ra1 nicht zu. Droht stark ...Qa2.} 23. Bg5 ({Aber nicht} 23. Bd5 $2 Qa2 24. fxg6 hxg6 $19 (24... Qxb1 $2 25. Bxf7+ Kh8 26. Qh4 $19)) 23... Qxc4 24. Rd1 (24. Qe3 $142) 24... Qc2 25. Rd2 Qb1+ 26. Kh2 c4 27. Ndf4 Bxb2 28. fxg6 $2 {[%emt 0:00:02] [#]} (28. Bxe7 $17 {einziger Zug.} Rfe8 29. Bxd6) 28... hxg6 (28... Be5 $142 29. Bxe7 Qxg6 (29... hxg6 30. Bxd6 Qa1 31. Bxe5 $17)) 29. Qh4 $2 (29. Bxe7 Be5 30. Bxd6) 29... Be5 $19 (29... c3 30. Rxd6 Rb5 (30... exd6 $2 {ist das falsche Schlagen.} 31. Nd5 $18) 31. Rxd7 $18) 30. Bd5 c3 {[%emt 0:00:18] Gewichteter Fehlerwert: Weiß=1.11/Schwarz=0.18 (sehr präzise) .  Verlustzug:     	Weiß=1     	---        Fehler:       	Weiß=3     	Schwarz=1     Ungenau:       	Weiß=1     	---        OK:         	Weiß=5     	Schwarz=4     Bester:       	Weiß=1     	Schwarz=3     Stark:        	---       	Schwarz=1} 0-1